 Dungeon Sprint DCSS version 0.28.0-45-g0d030f2227 (webtiles) character file.

Game seed: 12139062378539882347

717 McKennaii the Protected (level 7, -1/63 HPs)
             Began as a Demigod Fighter on Apr 18, 2022.
             Slain by a neqoxec (5 damage)
             ... in the Dungeon (Sprint II: "The Violet Keep of Menkaure").
             The game lasted 00:00:52 (230 turns).

McKennaii the Protected (Demigod Fighter)            Turns: 230, Time: 00:00:53

Health: -1/63      AC:  8    Str: 21      XL:     7   Next: 18%
Magic:  9/9        EV:  9    Int:  5 (8)  God:
Gold:   243        SH:  4    Dex:  9      Spells: 6/6 levels left

rFire   . . .      SeeInvis .   a - +0 trident
rCold   . . .      Faith    .   c - +0 buckler
rNeg    . . .      Spirit   .   b - +0 scale mail
rPois   .          Reflect  .   (no helmet)
rElec   .          Harm     .   (no cloak)
rCorr   .          Rampage  .   (no gloves)
Will    .....      Rage     1%  (no boots)
Stlth   .......... NoTele   +   (no amulet)
HPRegen 0.20/turn               (no ring)
MPRegen 0.11/turn               (no ring)

@: no status effects
A: high MP 1, forlorn, divine attributes, berserk 1, clumsy 2, deterioration 1,
dopey 1, frail 1, weak 2
a: no special abilities


You were in the Dungeon.
You visited 1 branch You collected 243 gold pieces.

Inventory:

Hand Weapons
 a - a +0 trident (weapon)
Armour
 b - a +0 scale mail (worn)
 c - a +0 buckler (worn)
Scrolls
 j - a scroll of blinking
Potions
 d - a potion of might
 e - a potion of curing
 f - a potion of heal wounds
 g - a potion of haste
 h - 2 potions of magic
 i - a potion of berserk rage


   Skills:
 + Level 9.1 Fighting
 + Level 8.9 Polearms
 + Level 9.2 Armour
 - Level 2.6 Shields


You had 6 spell levels left.
You didn't know any spells.
Your spell library was empty.

Dungeon Overview and Level Annotations

Branches:
Dungeon (1/1)


Innate Abilities, Weirdness & Mutations

You have an increased reservoir of magic. (+10% MP)
You shall have no god before yourself.
Your divine heritage dramatically boosts your attributes as you level up.
You tend to lose your temper in combat.
You are very clumsy. (Dex -4)
Your body sometimes deteriorates upon taking damage.
You are dopey. (Int -2)
You are frail. (-10% HP)
You are very weak. (Str -4)


Message History

You puncture the neqoxec!
You kill the neqoxec!
You feel your intelligence returning.
Your Fighting skill increases to level 9!
Your Armour skill increases to level 9!
You have reached level 7!
You miss the neqoxec. The neqoxec hits you.
* * * LOW HITPOINT WARNING * * *
You closely miss the neqoxec. The neqoxec gestures at you.
Strange energies course through your body.
You feel yourself wasting away.
You hit the neqoxec.
The neqoxec is lightly wounded.
The neqoxec closely misses you.
You barely miss the neqoxec.
The neqoxec is lightly wounded.
The neqoxec gestures at you.
Something tries to feed on your intellect!
You hit the neqoxec.
The neqoxec is moderately wounded.
The neqoxec closely misses you.
You hit the neqoxec.
The neqoxec is moderately wounded.
You closely miss the neqoxec.
The neqoxec is moderately wounded.
You block the neqoxec's attack.
You hit the neqoxec.
The neqoxec is heavily wounded.
The neqoxec hits you.
* * * LOW HITPOINT WARNING * * *
You closely miss the neqoxec.
The neqoxec is heavily wounded.
The neqoxec gestures at you.
You feel dopey. Something feeds on your intellect!
You closely miss the neqoxec.
The neqoxec is heavily wounded.
The neqoxec hits you.
You die... ## ## .# #. ### l#l

##.###+#
#...##.##
+.#)'.<.+
#...##.##
##.###'#
####@##
#3##
##.3.#
#+##


You could see a neqoxec.

Vanquished Creatures
  A merfolk siren (D)
  3 neqoxecs (D)
4 creatures vanquished.

Notes
Turn   | Place    | Note
-------+----------+-------------------------------------------
     0 | D        | McKennaii the Demigod Fighter began the quest for the Orb.
     0 | D        | Reached XP level 1. HP: 18/18 MP: 3/3
     1 | D        | Noticed a wyvern
     1 | D        | Noticed a wyvern
     4 | D        | Noticed a merfolk siren
    22 | D        | Killed a merfolk siren
    23 | D        | Reached XP level 2. HP: 27/34 MP: 4/4
    23 | D        | Reached XP level 3. HP: 31/39 MP: 5/5
    23 | D        | Reached XP level 4. HP: 38/47 MP: 6/6
    23 | D        | Reached XP level 5. HP: 42/52 MP: 7/7
    23 | D        | Reached XP level 6. HP: 48/60 MP: 8/8
    90 | D        | Noticed a neqoxec
   102 | D        | Gained mutation: You are frail. (-10% HP) [a neqoxec]
   107 | D        | Killed a neqoxec
   189 | D        | Noticed a neqoxec
   189 | D        | Noticed a neqoxec
   189 | D        | Noticed a neqoxec
   189 | D        | Gained mutation: You tend to lose your temper in combat. [a
                  | neqoxec]
   199 | D        | Gained mutation: You are weak. (Str -2) [a neqoxec]
   204 | D        | Gained mutation: You are clumsy. (Dex -2) [a neqoxec]
   207 | D        | Killed a neqoxec
   211 | D        | Gained mutation: You are very weak. (Str -4) [a neqoxec]
   215 | D        | Gained mutation: You are very clumsy. (Dex -4) [a neqoxec]
   217 | D        | Gained mutation: You are dopey. (Int -2) [a neqoxec]
   220 | D        | Killed a neqoxec
   221 | D        | Reached XP level 7. HP: 7/63 MP: 9/9
   222 | D        | Gained mutation: Your body sometimes deteriorates upon
                  | taking damage. [a neqoxec]
   228 | D        | HP: 3/63 [neqoxec (2)]
   230 | D        | Slain by a neqoxec

Illustrated notes

Levels and vault maps discovered:
D:        the_violet_keep_of_menkaure [sprint2_stairs_cluster_1,
          sprint2_shoproom, sprint2_temple, sprint2_basic_supplies,
          sprint2_obstacle_7, sprint2_obstacle_1, sprint2_obstacle_5,
          sprint2_obstacle_3, sprint2_obstacle_4, sprint2_timed_cluster_1,
          sprint2_smallroom_cluster_1, sprint2_smallroom_final_cluster_1,
          sprint2_transparent_cluster_1, sprint2_second_timed_cluster_1,
          sprint2_sniper_area_1, sprint2_heavy_combat_area_1,
          sprint2_mutation_trap_area_1, sprint2_forest_area_1,
          sprint2_light_combat_area_1, sprint2_behind_water_1,
          sprint2_near_end_vault_1]

Skill      XL: |  1  2  3  4  5  6 |
---------------+-------------------+-----
Fighting       | 7 9 |  9.1
Polearms       | 7 8 |  8.9
Armour         | 7 9 |  9.2
Shields        | |  2.6

Action                   |  1- 3 |  4- 6 |  7- 9 || total
-------------------------+-------+-------+-------++-------
Melee: Trident           |    18 |    45 |    10 ||    73
Armor: Scale mail        |       |     3 |       ||     3
Dodge: Dodged            |     1 |     7 |     2 ||    10
Block: Buckler           |     1 |     3 |     1 ||     5
